 Dungeon Crawl Stone Soup version 0.29.0-4-gdea44cf6ec (webtiles) character file.

Game seed: 6107232742704639593

44 qw the Chopper (level 3, 0/29 HPs)
             Began as a Formicid Cinder Acolyte on Sept 4, 2022.
             Was a High Priest of Ignis.
             Slain by Terence
             ... wielding a +0 mace
              (2 damage)
             ... on level 3 of the Dungeon.
             The game lasted 00:00:40 (2220 turns).

qw the Chopper (Formicid Cinder Acolyte)            Turns: 2220, Time: 00:00:41

Health: 0/29       AC: 16    Str: 26    XL:     3   Next: 87%
Magic:  4/4        EV:  8    Int: 13    God:    Ignis [*****.]
Gold:   44         SH:  0    Dex:  9    Spells: 4/4 levels left

rFire   + . .      SeeInvis +   Y - -1 hand axe (flame)
rCold   . . .      Faith    .   (no shield)
rNeg    . . .      Spirit   .   i - +0 chain mail
rPois   .          Reflect  .   (helmet unavailable)
rElec   .          Harm     .   (no cloak)
rCorr   .          Rampage  .   g - +0 pair of gloves
Will    .....                   (no boots)
Stlth   ..........              (no amulet)
HPRegen 0.09/turn               h - +6 ring of strength
MPRegen 0.09/turn               (no ring)

@: fiery-armoured
A: permanent stasis, dig shafts and tunnels, antennae 3, four strong arms
a: Dig, Shaft Self, Renounce Religion, Fiery Armour, Foxfire Swarm, Rising Flame


You were on level 3 of the Dungeon.
You worshipped Ignis.
Ignis was extremely pleased with you.
You visited 1 branch of the dungeon, and saw 3 of its levels.

You collected 44 gold pieces.


Innate Abilities, Weirdness & Mutations

You cannot be hasted, slowed, berserked, paralysed or teleported.
You can dig through walls and to a lower floor.
You have a pair of large antennae on your head. (SInv)
Your four strong arms can wield two-handed weapons with a shield.


   Skills:
 - Level 3.2 Fighting
 + Level 4.3 Axes
 - Level 1.0 Armour
 - Level 1.1 Spellcasting
 - Level 3.0 Fire Magic


You had 4 spell levels left.
You didn't know any spells.
Your spell library contained the following spells:

 Spells                   Type           Power      Damage    Failure   Level
 Scorch                   Fire           16%        2d5       65%         2

Inventory:

Hand Weapons
 Y - a -1 hand axe of flaming (weapon)
Armour
 g - a +0 pair of gloves (worn)
 i - a +0 chain mail (worn)
Jewellery
 h - a +6 ring of strength (left hand)
 j - a ring of fire
Scrolls
 a - a scroll of identify
Potions
 b - a potion of ambrosia {unknown}
 c - a potion of berserk rage {unknown}
 f - a potion of mutation {unknown}
 k - a potion of cancellation {unknown}
 m - a potion of heal wounds {unknown}

Dungeon Overview and Level Annotations

Branches:
Dungeon (3/15)

Altars:

Annotations:
D:3 Terence


Message History

Terence hits you but does no damage.
You hit Terence but do no damage.
Terence is moderately wounded.
Terence hits you with a +0 mace.
You hit Terence. You burn Terence.
Terence is severely wounded.
Terence barely misses you.
You hit Terence. You burn Terence.
Terence is almost dead.
Terence hits you but does no damage.
You barely miss Terence.
Terence is almost dead.
Terence barely misses you.
You hit Terence but do no damage.
Terence is almost dead.
Terence hits you but does no damage.
Terence is burned by your cloak of flames.
Terence is almost dead.
You hit Terence but do no damage.
Terence is almost dead.
Terence looks scornfully at you. Terence hits you but does no damage.
You hit Terence but do no damage.
Terence is almost dead.
Terence hits you with a +0 mace!
You barely miss Terence.
Terence is almost dead.
Terence hits you but does no damage.
Terence is burned by your cloak of flames.
Terence is almost dead.
You barely miss Terence.
Terence is almost dead.
Terence barely misses you.
You barely miss Terence.
Terence is almost dead.
Terence barely misses you.
You hit Terence but do no damage.
Terence is almost dead.
Terence hits you with a +0 mace.
You die...

#.# #.# ... #.#
#.# #.# .##
##.####....
##.####<.........
........)@.##..S
##.#######@# .#
.# .# .# .# .#


You could see Terence.

Vanquished Creatures
  An adder (D:2)
  A worm (D:2)
  5 ball pythons
  3 endoplasms
  A giant cockroach (D:1)
  A goblin (D:1)
  5 hobgoblins
  A quokka (D:1)
  5 bats
  A frilled lizard (D:1)
  6 kobolds
  A rat (D:1)
31 creatures vanquished.

Notes
Turn   | Place    | Note
-------+----------+-------------------------------------------
     0 | D:1      | qw the Formicid Cinder Acolyte began the quest for the Orb.
     0 | D:1      | Reached XP level 1. HP: 18/18 MP: 2/2
     0 | D:1      | 0 ||| qw: Version: 0.1-a-102-g441f92d
     0 | D:1      | 0 ||| qw: Game counter: 5331
     0 | D:1      | 0 ||| qw: Always use a shield: true
     0 | D:1      | 0 ||| qw: God list: Okawaru
     0 | D:1      | 0 ||| qw: Allow faded altars: false
     0 | D:1      | 0 ||| qw: Do Orc after D:15 true
     0 | D:1      | 0 ||| qw: Do second Lair branch before Depths: true
     0 | D:1      | 0 ||| qw: Lair rune preference: random
     0 | D:1      | 0 ||| qw: Plans: Normal
     0 | D:1      | 0 ||| PLANNING D:1-11
   138 | D:1      | 138 ||| Stepping ~*~*~tactically~*~*~ (stealth).
   157 | D:1      | 157 ||| Stepping ~*~*~tactically~*~*~ (stealth).
   185 | D:1      | 185 ||| Stepping ~*~*~tactically~*~*~ (stealth).
   241 | D:1      | Reached XP level 2. HP: 24/24 MP: 3/3
   489 | D:1      | 489 ||| INVOKING Fiery Armour.
  1007 | D:1      | 1007 ||| UPGRADING to +0 ring mail.
  1017 | D:1      | 1017 ||| DROPPING +0 robe.
  1018 | D:1      | 1018 ||| UPGRADING to +0 chain mail.
  1028 | D:1      | 1028 ||| DROPPING +0 ring mail.
  1029 | D:1      | 1029 ||| UPGRADING to +6 ring of strength.
  1030 | D:1      | 1030 ||| READING 3 scrolls labelled UMIUCY CAUHUFOSE.
  1031 | D:1      | 1031 ||| READING scroll labelled SIOFFENYZA.
  1032 | D:1      | 1032 ||| READING 2 scrolls of identify.
  1032 | D:1      | 1032 ||| IDENTIFYING coppery potion
  1033 | D:1      | 1033 ||| DROPPING potion of degeneration.
  1104 | D:2      | Reached XP level 3. HP: 27/29 MP: 4/4
  1132 | D:2      | 1132 ||| Stepping ~*~*~tactically~*~*~ (stealth).
  1138 | D:2      | 1138 ||| Stepping ~*~*~tactically~*~*~ (stealth).
  1221 | D:2      | Reached skill level 1 in Armour
  1234 | D:2      | Reached skill level 4 in Axes
  1629 | D:2      | Found a faded altar of an unknown god.
  1807 | D:2      | 1807 ||| UPGRADING to +0 pair of gloves.
  1812 | D:2      | 1812 ||| READING scroll labelled MAECWUASOI.
  1813 | D:2      | 1813 ||| READING 3 scrolls labelled HETOIDW HUIBI.
  1814 | D:2      | 1814 ||| READING scroll labelled HAPHEH LOMIAVU.
  1815 | D:2      | 1815 ||| DROPPING 2 scrolls of poison.
  1816 | D:2      | 1816 ||| Stepping randomly (stuck).
  1817 | D:2      | 1817 ||| Stepping ~*~*~tactically~*~*~ (cloud).
  1821 | D:2      | HP: 7/29 [poisoned by you (poison gas)]
  1824 | D:2      | HP: 3/29 [poisoned by you (poison gas)]
  2174 | D:3      | 2174 ||| Stepping ~*~*~tactically~*~*~ (stealth).
  2182 | D:3      | Noticed Terence
  2207 | D:3      | 2207 ||| INVOKING Fiery Armour.
  2216 | D:3      | HP: 2/29 [Terence/+0 mace (7)]
  2220 | D:3      | Slain by Terence

Levels and vault maps discovered:
D:1:      minmay_arrival_stair_chambers, layout_basic,
          amcnicky_mini_rare_corridor_liquid, minmay_misc_feat_columns
D:2:      layout_loops_cross, basic_ecumenical_altar
D:3:      layout_loops_ring, mainiacjoe_overflow_chevrons, slow_altar_1,
          uniq_terence

Skill      XL: |  1  2  3 |
---------------+----------+-----
Armour         | 1 |  1.0
Axes           | 4 |  4.3
Fighting       | |  3.2
Spellcasting   | |  1.1
Fire Magic     | |  3.0

Action                   || total
-------------------------++-------
Melee: Hand axe          ||   115
Invok: Fiery Armour      ||     2
  Use: Scroll            ||     6
Armor: Robe              ||     8
       Chain mail        ||    26
Dodge: Dodged            ||    48

Table legend:
 A = Non-vault XP
 B = Vault XP
 C = Vault XP percentage of total XP
 D = Non-vault monster count
 E = Vault monster count
 F = Vault count percentage of total count
                 A         B        C        D         E       F
            +---------+---------+-------+---------+---------+-------
      Total |      64 |       0 |   0.0 |      31 |       0 |   0.0
            +---------+---------+-------+---------+---------+-------
        D:1 |      28 |       0 |   0.0 |      17 |       0 |   0.0
        D:2 |      31 |       0 |   0.0 |      11 |       0 |   0.0
        D:3 |       5 |       0 |   0.0 |       3 |       0 |   0.0
            +---------+---------+-------+---------+---------+-------
